 Dungeon Crawl Stone Soup version 0.32-a0-909-gc671339a80 (webtiles) character file.

Game seed: 12700625909319830510

163 GiantSquids the Chopper (level 5, 0/45 HPs)
             Began as a Mountain Dwarf Fighter on Apr 6, 2024.
             Slain by a gnoll
             ... wielding a +0 spear
              (5 damage)
             ... on level 3 of the Dungeon.
             The game lasted 00:02:51 (1842 turns).

GiantSquids the Chopper (Mountain Dwarf Fighter)    Turns: 1842, Time: 00:02:52

Health: 0/45       AC:  6    Str: 21    XL:     5   Next: 20%
Magic:  5/5        EV:  8    Int:  8    God:
Gold:   57         SH:  4    Dex:  9    Spells: 4/4 levels left

rFire   . . .        a - +0 war axe
rCold   . . .        c - +0 buckler
rNeg    . . .        b - +0 scale mail
rPois   .            (no helmet)
rElec   .            (no cloak)
rCorr   .            (no gloves)
SInv    .            (no boots)
Will    .....        (no amulet) Stlth
                     (no ring)
HPRegen 0.27/turn    (no ring)
MPRegen 0.09/turn

%: no passive effects
@: mighty
A: runic magic, artefact enchanting
a: no special abilities


You were on level 3 of the Dungeon.
You visited 1 branch of the dungeon, and saw 3 of its levels.

You collected 57 gold pieces.

Inventory:

Hand Weapons
 a - a +0 war axe (weapon)
Missiles
 i - 32 stones (quivered)
Armour
 b - a +0 scale mail (worn)
 c - a +0 buckler (worn)
Scrolls
 e - 4 scrolls of poison {unknown}
 f - a scroll of immolation {unknown}
 g - a scroll of amnesia {unknown}
 h - a scroll of brand weapon {unknown}
 j - 2 scrolls of vulnerability {unknown}
 k - a scroll of silence {unknown}
 l - a scroll of identify {unknown}
 o - 2 scrolls of enchant weapon {unknown}
Potions
 m - a potion of cancellation {unknown}
 n - 2 potions of haste {unknown}


   Skills:
 - Level 3.2 Fighting
 + Level 6.6 Axes
 - Level 3.2 Armour
 - Level 3.2 Shields


You had 4 spell levels left.
You didn't know any spells.
Your spell library was empty.

Dungeon Overview and Level Annotations

Branches:
Dungeon (3/15)

Altars:


Innate Abilities, Weirdness & Mutations

Your spellcasting is much less encumbered by armour.
You can use scrolls of enchantment on lesser artefacts.


Message History

The adder is severely wounded.
You barely miss the gnoll. The adder bites you but does no damage.
The gnoll barely misses you.
You closely miss the adder.
The adder is severely wounded.
You hit the gnoll. The adder completely misses you.
The gnoll hits you with a +0 spear. You block the adder's attack.
You miss the adder.
The adder is severely wounded.
You barely miss the gnoll. The gnoll hits you but does no damage.
The adder bites you. The gnoll hits you with a +0 spear.
You barely miss the adder.
The adder is severely wounded.
You completely miss the gnoll. You hit the endoplasm but do no damage.
The adder closely misses you. The adder bites you but does no damage.
The gnoll hits you but does no damage. The endoplasm barely misses you.
The gnoll hits you with a +0 spear.
You slash the adder!
You kill the adder!
You barely miss the gnoll. You hit the endoplasm. The gnoll closely misses you.
You block the endoplasm's attack. The gnoll barely misses you.
You feel very mighty all of a sudden. The gnoll completely misses you.
The endoplasm hits you but does no damage.
The gnoll hits you with a +0 spear.
* * * LOW HITPOINT WARNING * * *
The gnoll completely misses you. The endoplasm completely misses you.
The gnoll hits you with a +0 spear.
* * * LOW HITPOINT WARNING * * *
You hit the gnoll.
The gnoll is severely wounded.
You hit the endoplasm.
You kill the endoplasm!
You barely miss the gnoll. The gnoll hits you with a +0 spear.
* * * LOW HITPOINT WARNING * * *
You block the gnoll's attack.
You slash the gnoll!
You kill the gnoll!
You barely miss the gnoll. The gnoll hits you with a +0 spear.
You die...

# .. .......
#...##)........
#..........##.#
#..#.!.....#...
#............#
#)...........#
##.
#.##g........#
#..
##...@)..#.....
....
##...#..$)......
....)
#.....)..####...
#....###.....#.#
......#...†....#
..........####.#
#....).(.†..##..#
.......).<......#
####.....####....


You could see a gnoll.

Vanquished Creatures
  Terence (D:2)
  4 gnolls
  4 adders
  A dart slug (D:2)
  4 ribbon worms
  An orc (D:2)
  7 bats
  4 endoplasms
  2 giant cockroaches (D:1)
  3 goblins
  5 hobgoblins
  12 kobolds
  5 quokkas (D:1)
  7 ball pythons
  2 frilled lizards (D:2)
  2 rats (D:1)
64 creatures vanquished.

Notes
Turn   | Place    | Note
-------+----------+-------------------------------------------
     0 | D:1      | GiantSquids the Mountain Dwarf Fighter began the quest for
                  | the Orb.
     0 | D:1      | Reached XP level 1. HP: 19/19 MP: 1/1
    56 | D:1      | Reached skill level 3 in Axes
    75 | D:1      | Reached XP level 2. HP: 22/26 MP: 2/2
   213 | D:1      | Reached skill level 4 in Axes
   218 | D:1      | Reached XP level 3. HP: 29/31 MP: 3/3
   227 | D:1      | Found a faded altar of an unknown god.
   765 | D:2      | Noticed Terence
   777 | D:2      | Killed Terence
   778 | D:2      | Reached skill level 5 in Axes
   778 | D:2      | Reached XP level 4. HP: 13/38 MP: 4/4
  1499 | D:2      | Reached skill level 6 in Axes
  1787 | D:2      | Reached XP level 5. HP: 36/45 MP: 5/5
  1842 | D:3      | Slain by a gnoll

Illustrated notes

Levels and vault maps discovered:
D:1:      pf_arrival_petrified_forest, layout_rooms,
          ebering_ecumenical_altar_rust, bh_walls_and_bars
D:2:      layout_loops_corners, chequers_serial_rivers_micro_c,
          chequers_serial_rivers_room_b, uniq_terence
D:3:      layout_rooms, serial_shops, nicolae_shop_pleasant_corner_grove,
          nicolae_half_adder, uniq_jessica

Skill      XL: |  1  2  3  4 |
---------------+-------------+-----
Axes           | 3 4 5 6 |  6.6
Fighting       | |  3.2
Armour         | |  3.2
Shields        | |  3.2

Action                     |  1- 3 |  4- 6 || total
---------------------------+-------+-------++-------
  Melee: War axe           |   121 |    84 ||   205
    Use: Potion            |       |     1 ||     1
 Armour: Scale mail        |   113 |    81 ||   194
  Dodge: Dodged            |    54 |    44 ||    98
  Block: Buckler           |    16 |    17 ||    33

Table legend: (Time is in decaauts)
 A = Elapsed time spent in this place.
 B = Non-inter-level travel time spent in this place.
 C = Inter-level travel time spent in this place.
 D = Time resting spent in this place.
 E = Time spent auto-exploring this place.
 F = Levels seen in this place.
 G = Mean time per level.
                   A        B        C        D        E       F      G
               +--------+--------+--------+--------+--------+-----+--------+
         Total |   1902 |   1825 |     77 |     34 |   1290 |   3 |  634.0 |
       Dungeon |   1902 |   1825 |     77 |     34 |   1290 |   3 |  634.0 |
               +--------+--------+--------+--------+--------+-----+--------+

Top non-repeatable levels by time:
     D:2: 1207 daAuts
     D:1: 562 daAuts
     D:3: 131 daAuts
